 Dungeon Crawl Stone Soup version 0.18-a0-118-g58bf2d5 (webtiles) character file.

83 Duffy the Ruffian (level 4, -1/41 HPs)
             Began as an Ogre Transmuter on Nov 18, 2015.
             Was an Initiate of Cheibriados.
             Killed by nerve-wracking pain
             ... invoked by Jessica
              (12 damage)
             ... on level 2 of the Dungeon.
             The game lasted 00:03:01 (2148 turns).

Duffy the Ruffian (Ogre Transmuter)                 Turns: 2148, Time: 00:03:01

Health: -1/41      AC:  4    Str: 16    XL:     4   Next: 44%
Magic:  4/7        EV: 19    Int: 14    God:    Cheibriados [......]
Gold:   107        SH:  0    Dex: 16    Spells: 2 memorised, 4 levels left

rFire  . . .     SeeInvis .       - Unarmed
rCold  . . .     Clarity  .     (armour currently unavailable)
rNeg   . . .     SustAt   .     (shield currently unavailable)
rPois  x         Gourm    .     (helmet currently unavailable)
rElec  .         Spirit   .     (cloak currently unavailable)
rCorr  .         Warding  .     (gloves unavailable)
rMut   .         Stasis   .     (boots unavailable)
MR     .....                    (no amulet)
Stlth  ..........               w - ring of loudness (curse)
                                j - +2 ring of protection

@: spider-form (expiring), slowed, very slow, not resistant to hostile
enchantments, extremely unstealthy
A: unfitting armour, (tough skin 0)
a: End Transformation, Bend Time, Renounce Religion


You were on level 2 of the Dungeon.
You worshipped Cheibriados.
Cheibriados was noncommittal.
You were hungry.
You were a venomous arachnid creature.
You visited 1 branch of the dungeon, and saw 2 of its levels.

You collected 107 gold pieces.


Innate Abilities, Weirdness & Mutations

You are too large for most types of armour.
((You have tough skin (AC +1).))


   Skills:
 - Level 1.5 Fighting
 - Level 1.8 Dodging
 + Level 3.6 Unarmed Combat
 - Level 2.5 Spellcasting
 - Level 2.0 Transmutations
 + Level 1.2 Poison Magic


You had 4 spell levels left.
You knew the following spells:

 Your Spells              Type           Power        Failure   Level  Hunger
a - Spider Form           Trmt/Pois      #.........   61%         3    ###....
b - Beastly Appendage     Trmt           #.....       28%         1    #......

Inventory:

Missiles
 a - 21 arrows
 i - 2 javelins
 p - 5 tomahawks (quivered)
Armour
 b - a +0 robe (melded)
 f - a +0 hat of see invisible (melded)
Jewellery
 j - a +2 ring of protection (left front leg)
 w - a cursed ring of loudness (right front leg)
Scrolls
 h - 2 scrolls of remove curse
 k - a scroll of teleportation {unknown}
 l - a scroll of fear {unknown}
 m - 2 scrolls of identify {unknown}
 q - a scroll of blinking {unknown}
 s - 2 scrolls of amnesia {unknown}
 u - a scroll of fog {unknown}
Potions
 e - 3 potions of lignification {unknown}
 g - a potion of curing {unknown}
 t - a potion of magic {unknown}
 v - a potion of resistance {unknown}
Books
 c - a book of Changes
Comestibles
 d - a bread ration
 n - a beef jerky
 o - 7 fruits
 r - a chunk of flesh

Dungeon Overview and Level Annotations

Branches:
Dungeon (2/15)

Altars:
Cheibriados

Annotations:
D:2 Jessica


Message History

You hit Jessica but do no damage. Jessica gestures at you while chanting.
Pain shoots through your body! Jessica barely misses you.
You hit Jessica.
Jessica is heavily wounded.
Jessica barely misses you.
You hit Jessica.
Jessica is heavily wounded.
Jessica hits you.
You hit Jessica.
Jessica is almost dead.
Jessica mumbles some strange words.
Jessica blinks!
Cast which spell? (? or * to list)
You turn into a venomous arachnid creature.
Your +0 hat of see invisible melds into your body.
Your +0 robe melds into your body.
You feel less perceptive.
You are feeling hungry.
Jessica casts a spell at you.
You barely resist. Jessica casts a spell at you. You resist with some effort.
Jessica casts a spell.
Jessica blinks!
The kobold misses you.
You hit the kobold.
You kill the kobold!
Cheibriados appreciates the change of pace.
Your transformation is almost over.
Jessica casts a spell at you.
You barely resist.
Jessica points at you and mumbles some strange words.
Pain shoots through your body!
Jessica points at you and mumbles some strange words.
Pain shoots through your body!
You die...

########'##
#.........# .
#.........#
.#####.........#
............###
#..........#
#....§.@...#
#..........# #
#...s......# ###
#..........#
##..
...............#
###..≈
#####..........#
##...P≈
............#
#..≈♣≈≈
####(........#
#.≈♣PPP
##'########
#≈P≈≈≈≈ #.#
#≈P≈PP≈ #.#
#♣♣≈≈≈≈


You could see Jessica.

Action                   |  1- 3 |  4- 6 || total
-------------------------+-------+-------++-------
Melee: Unarmed           |   185 |    77 ||   262
 Cast: Spider Form       |       |     1 ||     1
  Use: Scroll            |     1 |       ||     1
 Stab: Sleeping          |       |     1 ||     1
  Eat: Chunk             |     2 |     2 ||     4

Notes
Turn   | Place    | Note
--------------------------------------------------------------
     0 | D:1      | Duffy the Ogre Transmuter began the quest for the Orb.
     0 | D:1      | Reached XP level 1. HP: 19/19 MP: 3/3
   141 | D:1      | Reached XP level 2. HP: 9/27 MP: 5/5
   407 | D:1      | Reached skill level 3 in Unarmed Combat
   816 | D:1      | Reached skill level 2 in Transmutations
   816 | D:1      | Reached XP level 3. HP: 26/33 MP: 6/6
   854 | D:1      | Learned a level 3 spell: Spider Form
  1666 | D:2      | Reached XP level 4. HP: 39/41 MP: 7/7
  1727 | D:2      | Reached skill level 1 in Poison Magic
  1856 | D:2      | Found a faded altar to an unknown god.
  2043 | D:2      | Found a snail-covered altar of Cheibriados.
  2055 | D:2      | Became a worshipper of Cheibriados the Contemplative
  2136 | D:2      | Noticed Jessica
  2148 | D:2      | Killed from afar by Jessica

Vault maps used:
D:1:      dpeg_arrival_erosion
D:2:      cheibriados_altar_1, ecumenical_altar_2, serial_bayou_lake_a,
          uniq_jessica

Vanquished Creatures
  3 adders
  A worm
  3 giant cockroaches
  3 goblins
  8 hobgoblins
  9 jackals
  4 kobolds
  A quokka
  A ball python
  10 bats
  A giant newt
  3 rats
47 creatures vanquished.
